 Dungeon Crawl Stone Soup version 0.19-a0-49-gb8736b8 (webtiles) character file.

115 Zhenya25pyc the Skirmisher (level 5, -12/33 HPs)
             Began as a Gargoyle Fighter on May 6, 2016.
             Mangled by an ogre
             ... wielding a +0 giant club
              (19 damage)
             ... on level 4 of the Dungeon.
             The game lasted 00:04:58 (2509 turns).

Zhenya25pyc the Skirmisher (Gargoyle Fighter)       Turns: 2509, Time: 00:04:58

Health: -12/33     AC: 17    Str: 23    XL:     5   Next: 0%
Magic:  5/5        EV:  7    Int:  8    God:
Gold:   86         SH:  9    Dex:  9    Spells: 0 memorised, 4 levels left

rFire  . . .     SeeInvis .     a - +0 flail
rCold  . . .     Gourm    .     b - +0 scale mail
rNeg   + . .     Faith    .     c - +0 shield
rPois  ∞         Spirit   .     (no helmet)
rElec  +         Dismiss  .     p - +2 cloak
rCorr  .         Reflect  .     i - +2 pair of gloves
SustAt .         Harm     .     (no boots)
MR     .....     Rnd*Tele +     (no amulet)
Stlth  ..........               u - +2 ring of strength
                                x - ring of teleportation (curse)

@: not resistant to hostile enchantments, extremely unstealthy
A: negative energy resistance 1, electricity resistance, unbreathing,
petrification resistance, rot immunity, AC +4
a: no special abilities


You were on level 4 of the Dungeon.
You were not hungry.

You visited 1 branch of the dungeon, and saw 4 of its levels.

You collected 86 gold pieces.

Inventory:

Hand Weapons
 a - a +0 flail (weapon)
Armour
 b - a +0 scale mail (worn)
 c - a +0 shield (worn)
 i - a +2 pair of gloves (worn)
 p - a +2 cloak (worn)
Jewellery
 j - an uncursed ring of ice
 n - an uncursed ring of fire
 u - a +2 ring of strength (right hand)
 x - a cursed ring of teleportation (left hand)
Scrolls
 e - 3 scrolls of remove curse {unknown}
 g - 2 scrolls of magic mapping {unknown}
 h - 4 scrolls of identify {unknown}
 k - 2 scrolls of noise {unknown}
 l - a scroll of enchant armour {unknown}
 m - a scroll of blinking {unknown}
 r - a scroll of fog {unknown}
 t - a scroll of random uselessness {unknown}
Potions
 d - 4 potions of might
 q - a potion of beneficial mutation {unknown}
 s - 3 potions of curing {unknown}
 v - 2 potions of flight {unknown}
 w - a potion of berserk rage {unknown}
Comestibles
 f - 3 bread rations
 o - a meat ration
 z - 3 chunks of flesh


   Skills:
 + Level 4.0 Fighting
 * Level 3.7 Maces & Flails
 + Level 3.8 Armour
 + Level 3.7 Shields


You had 4 spell levels left.
You didn't know any spells.

Dungeon Overview and Level Annotations

Branches:
Dungeon (4/15)
 Temple: D:4-7

Altars:
Ashenzari
Fedhas
Gozag
Kikubaaqudgha
Yredelemnul


Innate Abilities, Weirdness & Mutations

You are resistant to torment.
Your stone body is resilient (AC +4).
You are immune to poison.
You resist negative energy.
You are resistant to electric shocks.
You can survive without breathing.
You are immune to petrification.
You are immune to rotting.


Message History

The ogre hits you with a giant club!!
Ouch! That really hurt!
* * * LOW HITPOINT WARNING * * *
You are too injured to fight recklessly!
You are too injured to fight recklessly!
You are too injured to fight recklessly!
Unknown command.
You are too injured to fight recklessly!
You are too injured to fight recklessly!
You are too injured to fight recklessly!
Unknown command.
You hit the ogre.
The ogre is heavily wounded.
You block the giant newt's attack. The ogre hits you but does no damage.
You block the giant newt's attack.
You closely miss the ogre.
The ogre is heavily wounded.
The ogre hits you with a giant club!!
Ouch! That really hurt!
You die...

....#......#
...........##
............#
..=.........#
............#
............#
......l.....#
.......@...#
....#.O....#
# #..####.#
#.# # #. #


You could see an ogre and a giant newt.

Vanquished Creatures
  Robin (D:2)
  2 adders
  3 worms
  2 dart slugs
  3 giant geckos
  5 giant cockroaches
  15 goblins
  8 hobgoblins
  2 jackals (D:4)
  A quokka (D:2)
  A ball python (D:1)
  10 bats
  2 giant newts (D:1)
  A jackal skeleton (D:4)
  7 kobolds
  5 rats
68 creatures vanquished.

Notes
Turn   | Place    | Note
--------------------------------------------------------------
     0 | D:1      | Zhenya25pyc the Gargoyle Fighter began the quest for the Orb.
     0 | D:1      | Reached XP level 1. HP: 14/14 MP: 1/1
   117 | D:1      | Reached XP level 2. HP: 17/19 MP: 2/2
   337 | D:1      | Reached XP level 3. HP: 18/23 MP: 3/3
   607 | D:2      | Found a shattered altar of Ashenzari.
   778 | D:2      | Noticed Robin
   786 | D:2      | Killed Robin
   787 | D:2      | Reached XP level 4. HP: 7/29 MP: 4/4
  1230 | D:2      | Found an opulent altar of Gozag.
  2123 | D:3      | Found a basalt altar of Yredelemnul.
  2437 | D:4      | Found an ancient bone altar of Kikubaaqudgha.
  2442 | D:4      | Found a blossoming altar of Fedhas.
  2469 | D:4      | Reached skill level 4 in Fighting
  2470 | D:4      | Reached XP level 5. HP: 31/33 MP: 5/5
  2502 | D:4      | Noticed an ogre
  2509 | D:4      | Mangled by an ogre

Vault maps used:
D:1:      moated_graveyard_arrival
D:2:      grunt_gozag_breadcrumbs, evilmike_ruin_ashenzari, uniq_robin
D:3:      yredelemnul_altar_generic
D:4:      grunt_temple_overflow_growth_and_decay, minitemple, first_bread

Skill      XL: |  1  2  3  4 |
---------------+-------------+-----
Maces & Flails | 3 |  3.7
Fighting       | 4 |  4.0
Armour         | |  3.8
Shields        | |  3.7

Action                   |  1- 3 |  4- 6 || total
-------------------------+-------+-------++-------
Melee: Flail             |   168 |   141 ||   309
  Eat: Chunk             |       |     6 ||     6
Armor: Scale mail        |    96 |    82 ||   178
Dodge: Dodged            |    55 |    59 ||   114
Block: Shield            |   115 |    94 ||   209
